 Dungeon Crawl Stone Soup version 0.27-a0-1154-gfdeffcb720 (webtiles) character file.

Game seed: 14022766638933065386

109 ZappyNine the Skirmisher (level 4, -1/40 HPs)
             Began as a Draconian Fighter on May 14, 2021.
             Slain by a jelly (2 damage)
             ... on level 4 of the Dungeon.
             The game lasted 00:02:32 (3565 turns).

ZappyNine the Skirmisher (Draconian Fighter)        Turns: 3565, Time: 00:02:33

Health: -1/40      AC: -14   Str: 19    XL:     4   Next: 59%
Magic:  4/4        EV: 10    Int:  8    God:
Gold:   56         SH:  9    Dex: 11    Spells: 3/3 levels left

rFire    . . .     SeeInvis .   a - +0 flail
rCold    . . .     Faith    .   b - +0 kite shield
rNeg     . . .     Spirit   .   (armour unavailable)
rPois    .         Reflect  .   (helmet restricted)
rElec    .         Harm     .   (no cloak)
rCorr    .         Rampage  .   (no gloves)
Will     .....                  p - +0 pair of boots
Stlth    +.........             (no amulet)
HPRegen  0.13/turn              (no ring)
MPRegen  0.09/turn              (no ring)

@: corroded, studying Long Blades
A: AC +5, unfitting armour, cold-blooded
a: no special abilities


You were on level 4 of the Dungeon.
You visited 1 branch of the dungeon, and saw 4 of its levels.

You collected 56 gold pieces.

Inventory:

Hand Weapons
 a - a +0 flail (weapon)
Armour
 b - a +0 kite shield (worn)
 p - a +0 pair of boots (worn)
Scrolls
 l - a scroll of blinking {unknown}
 m - 2 scrolls of holy word {unknown}
 o - a scroll of noise
Potions
 e - a potion of ambrosia {unknown}
 f - 2 potions of berserk rage {unknown}
 h - a potion of attraction {unknown}
 i - a potion of flight {unknown}
 k - a potion of curing {unknown}
 n - a potion of cancellation {unknown}


   Skills:
 - Level 4.1 Fighting
 + Level 2.5 Long Blades
 - Level 3.0 Maces & Flails
 - Level 3.4 Dodging
 - Level 3.0 Shields


You had 3 spell levels left.
You didn't know any spells.
Your spell library was empty.

Dungeon Overview and Level Annotations

Branches:
Dungeon (4/15)
 Temple: D:4-7

Altars:
Ashenzari
Sif Muna
Trog
Yredelemnul


Innate Abilities, Weirdness & Mutations

Your plain brown scales are hard. (AC +5)
You cannot fit into any form of body armour.
You are cold-blooded and may be slowed by cold attacks.


Message History

The jelly is lightly wounded.
The jelly closely misses you.
You hit the jelly. The acid corrodes you!
Your hands burn!
The jelly is heavily wounded.
The jelly barely misses you.
You hit the jelly but do no damage.
Your hands burn!
The jelly is heavily wounded.
You block the jelly's attack. x2
You hit the jelly.
Your hands burn!
The jelly is severely wounded.
The jelly misses you.
You hit the jelly. The acid corrodes you!
Your hands burn!
Your tail-slap misses the jelly.
The jelly is severely wounded.
You block the jelly's attack. x2
You hit the jelly. The acid corrodes you!
Your hands burn!
The jelly is almost dead.
The jelly barely misses you.
You are too injured to fight recklessly!
You are too injured to fight recklessly!
You are too injured to fight recklessly!
You are too injured to fight recklessly!
You are too injured to fight recklessly!
You are too injured to fight recklessly!
You are too injured to fight recklessly!
You are too injured to fight recklessly!
You hit the jelly but do no damage. The acid corrodes you!
Your hands burn!
The jelly is almost dead.
The jelly misses you. You block the jelly's attack.
You hit the jelly but do no damage.
Your hands burn!
You tail-slap the jelly, but do no damage.
The jelly is almost dead.
The jelly hits you. The acid corrodes you!
You are splashed with acid!
* * * LOW HITPOINT WARNING * * *
You hit the jelly but do no damage.
Your hands burn!
* * * LOW HITPOINT WARNING * * *
You tail-slap the jelly, but do no damage.
The jelly is almost dead.
The jelly barely misses you. The jelly hits you.
You die...

#..# ...#
#..## ...# #
#..## ..<
#...###....
#..........
#..@J......
##..#######.
##..##
##..## .#
#...# ...
##..##
....##..##
#.......##
##.......##


You could see a jelly.

Vanquished Creatures
  Robin (D:3)
  An adder (D:2)
  2 worms
  2 dart slugs
  7 endoplasms
  2 giant cockroaches
  11 goblins
  9 hobgoblins
  6 jackals
  5 kobolds
  2 quokkas (D:1)
  9 ball pythons
  A ball python skeleton (D:2)
  6 bats
  5 frilled lizards
  2 rats
71 creatures vanquished.

Vanquished Creatures (others)
  5 toadstools (D:1)
5 creatures vanquished.

Grand Total: 76 creatures vanquished

Notes
Turn   | Place    | Note
-------+----------+-------------------------------------------
     0 | D:1      | ZappyNine the Draconian Fighter began the quest for the
                  | Orb.
     0 | D:1      | Reached XP level 1. HP: 19/19 MP: 1/1
   185 | D:1      | Reached XP level 2. HP: 26/26 MP: 2/2
  1014 | D:2      | Reached XP level 3. HP: 33/33 MP: 3/3
  1283 | D:2      | Reached skill level 4 in Fighting
  1536 | D:2      | Found a faded altar of an unknown god.
  2258 | D:3      | Found a shimmering blue altar of Sif Muna.
  2308 | D:3      | Reached XP level 4. HP: 29/40 MP: 4/4
  2512 | D:3      | Identified a scroll of acquirement
  2512 | D:3      | Acquired a manual of Long Blades
  2704 | D:3      | Noticed Robin
  2710 | D:3      | Reached skill level 1 in Long Blades
  2720 | D:3      | Killed Robin
  2720 | D:3      | HP: 2/40 [hobgoblin[Robin] (2)]
  3534 | D:4      | Found a basalt altar of Yredelemnul.
  3534 | D:4      | Found a broken altar of Ashenzari.
  3534 | D:4      | Found a bloodstained altar of Trog.
  3565 | D:4      | HP: 1/40 [acid (3)]
  3565 | D:4      | Slain by a jelly

Illustrated notes

Levels and vault maps discovered:
D:1:      ldierk_walled_garden, layout_loops_ring, minmay_misc_feat_rugged
D:2:      minmay_skewed_foursquare, layout_loops_corners,
          chequers_ecumenical_altar_simple, minmay_misc_feat_pillars,
          minmay_3d_cube
D:3:      layout_loops_ring, led_sif_book, chequers_serial_rivers_micro_b,
          uniq_robin
D:4:      layout_layer_cave, chequers_temple_overflow_statue_of_worship

Skill      XL: |  1  2  3  4 |
---------------+-------------+-----
Dodging        | 3 |  3.4
Fighting       | 4 |  4.1
Maces & Flails | 3 |  3.0
Long Blades    | 2 |  2.5
Shields        | |  3.0

Action                   |  1- 3 |  4- 6 || total
-------------------------+-------+-------++-------
Melee: Flail             |   128 |    66 ||   194
       Tailslap          |     9 |     9 ||    18
  Use: Scroll            |       |     3 ||     3
       Potion            |       |     1 ||     1
 Stab: Sleeping          |     2 |       ||     2
Armor: Skin              |    52 |    24 ||    76
Dodge: Dodged            |    67 |    33 ||   100
Block: Kite shield       |    75 |    40 ||   115

Table legend: (Time is in decaauts)
 A = Elapsed time spent in this place.
 B = Non-inter-level travel time spent in this place.
 C = Inter-level travel time spent in this place.
 D = Time resting spent in this place.
 E = Time spent auto-exploring this place.
 F = Levels seen in this place.
 G = Mean time per level.
                   A        B        C        D        E       F      G
               +--------+--------+--------+--------+--------+-----+--------+
         Total |   3669 |   3541 |    128 |    758 |   2237 |   4 |  917.2 |
       Dungeon |   3669 |   3541 |    128 |    758 |   2237 |   4 |  917.2 |
               +--------+--------+--------+--------+--------+-----+--------+

Top non-repeatable levels by time:
     D:2: 1366 daAuts
     D:3: 1315 daAuts
     D:1: 954 daAuts
     D:4: 34 daAuts
